Map: Para Site LE

Players

Railgan - Winner!

  • Race: Zerg Zerg
  • League: Grandmaster
  • Spawn Location: 5:00

Ninja

  • Race: Protoss Protoss
  • League: Master
  • Spawn Location: 11:00

VOD

https://www.youtube.com/watch?v=MVB6kMAeKUk

Description

Time

  • Played on: Nov. 8, 2018, 4:38 p.m.
  • Length: 10:19
Show
View Real Time Build Order
Export as new Build Order

Railgan Zerg - Winner!

Build Orders: 3 Hatch before Pool, Roach Hydra 

Get SALT Encoding   

  12  0:01  Drone  
  13  0:14  Overlord  
  13  0:19  Drone  
  14  0:33  Drone x2  
  16  0:36  Drone  
  17  0:56  Hatchery  
  16  0:57  Drone  
  17  1:05  Drone  
  18  1:22  Hatchery  
  18  1:24  Extractor  
  16  1:25  Spawning Pool  
  16  1:27  Drone x2  
  16  1:31  Drone  
  18  1:40  Drone  
  19  1:52  Overlord  
  19  2:04  Drone  
  20  2:16  Hatchery, Queen  
  20  2:19  Zergling x2  
  22  2:24  Zergling x2  
  22  2:29  Metabolic Boost  
  23  2:38  Queen  
  23  2:42  Zergling x2  
  26  2:47  Drone  
  26  2:49  Drone  
  27  2:58  Drone x2  
  27  2:59  Drone  
  30  3:07  Zergling x2  
  30  3:11  Spore Crawler  
  30  3:19  Drone  
  31  3:20  Zergling x2  
  31  3:23  Drone  
  31  3:26  Overlord  
  33  3:31  Drone x5  
  38  3:36  Queen  
  38  3:39  Drone  
  41  3:43  Overlord  
  41  3:48  Drone  
  41  3:52  Drone x2  
  41  3:53  Drone  
  44  4:00  Drone  
  44  4:01  Drone  
  46  4:05  Drone  
  47  4:10  Drone  
  47  4:11  Drone x2  
  47  4:15  Overlord  
  50  4:17  Overlord  
  50  4:21  Drone x3  
  50  4:22  Lair  
  50  4:23  Drone  
  54  4:25  Drone  
  54  4:28  Drone  
  54  4:30  Overlord  
  56  4:32  Queen  
  56  4:33  Extractor  
  56  4:37  Drone x3  
  60  4:42  Roach Warren  
  60  4:45  Drone x2  
  61  4:47  Spore Crawler  
  61  4:49  Spore Crawler  
  61  4:50  Spore Crawler  
  61  4:51  Drone  
  61  4:52  Drone x2  
  61  4:53  Extractor  
  61  4:57  Evolution Chamber  
  61  4:58  Drone  
  61  4:59  Drone x2  
  62  5:01  Overlord  
  62  5:03  Drone  
  62  5:05  Drone x2  
  65  5:08  Drone x2, Extractor  
  65  5:11  Drone x2  
  68  5:16  Overlord  
  68  5:22  Drone x2  
  68  5:23  Drone  
  68  5:28  Hydralisk Den  
  70  5:30  Drone x4, Glial Reconstitution  
  70  5:31  Extractor  
  70  5:34  Drone  
  74  5:38  Overlord  
  74  5:41  Drone  
  74  5:42  Zergling x4  
  77  5:43  Extractor  
  77  5:47  Zerg Missile Weapons Level 1  
  77  5:48  Roach x4  
  82  6:00  Drone x3  
  85  6:08  Hatchery  
  84  6:16  Roach  
  84  6:17  Roach x5  
  84  6:18  Grooved Spines  
  96  6:21  Overlord x2  
  96  6:33  Spine Crawler  
  96  6:34  Drone x2  
  96  6:36  Overlord  
  97  6:43  Roach x2  
  93  6:55  Roach x2  
  93  6:58  Roach x3  
  101  7:05  Drone x2, Roach  
  105  7:10  Overlord, Roach x2  
  105  7:11  Overlord  
  105  7:13  Hydralisk x6  
  121  7:19  Overlord  
  121  7:23  Hydralisk  
  121  7:24  Lurker Den  
  121  7:26  Overlord  
  121  7:27  Drone  
  121  7:28  Drone, Queen  
  121  7:29  Muscular Augments  
  126  7:31  Hydralisk x2  
  130  7:41  Hydralisk x2  
  134  7:45  Zerg Missile Weapons Level 2  
  133  7:57  Hydralisk  
  133  7:58  Hydralisk x4  
  135  8:04  Hydralisk x5  
  146  8:10  Roach  
  146  8:11  Roach x3  
  152  8:24  Hydralisk  
  148  8:27  Hydralisk  
  148  8:28  Hydralisk x5  
  160  8:35  Overlord  
  160  8:36  Overlord  
  160  8:40  Extractor  
  159  8:42  Extractor  
  159  8:44  Overlord x2  
  159  8:45  Hydralisk  
  160  8:57  Drone x3  
  163  9:03  Hatchery  
  163  9:07  Hydralisk  
  163  9:08  Hydralisk x8  
  163  9:09  Roach  
  178  9:12  Zergling x2  
  178  9:13  Zergling x16  
  185  9:22  Spine Crawler  
  179  9:24  Drone x4  
  179  9:25  Drone, Overlord  
  179  9:30  Roach x2  
  187  9:38  Roach  
  187  9:39  Roach x2  
  191  9:47  Roach x4  
Show
View Real Time Build Order
Export as new Build Order

Ninja Protoss 

Build Orders: Zealot Archon 

Get SALT Encoding   

  12  0:00  Probe  
  13  0:14  Probe  
  13  0:18  Pylon  
  14  0:26  Probe  
  15  0:38  Probe, Gateway  
  16  0:47  Probe  
  16  0:48  Assimilator  
  17  0:59  Probe  
  18  1:11  Probe  
  20  1:32  Zealot  
  21  1:37  Cybernetics Core  
  21  2:03  Nexus  
  21  2:04  Adept  
  23  2:17  Pylon  
  23  2:21  Assimilator  
  23  2:35  Probe  
  24  2:46  Adept  
  24  2:48  Probe  
  26  3:00  Probe  
  25  3:08  Adept  
  25  3:12  Probe  
  26  3:13  Probe  
  26  3:19  Warp Gate  
  29  3:21  Probe  
  29  3:23  Stargate  
  29  3:24  Probe  
  31  3:30  Probe  
  32  3:36  Probe  
  32  3:38  Probe  
  32  3:40  Assimilator, Robotics Facility  
  33  3:46  Assimilator, Probe  
  35  3:48  Probe  
  35  3:53  Adept  
  36  3:57  Probe  
  36  4:00  Probe  
  38  4:07  Phoenix  
  38  4:08  Probe  
  41  4:11  Probe  
  41  4:14  Pylon  
  41  4:16  Probe  
  43  4:24  Probe  
  43  4:27  Twilight Council  
  44  4:37  Oracle  
  47  4:42  Gateway  
  47  4:51  Gateway  
  47  4:52  Probe  
  48  4:53  Probe  
  49  5:00  Warp Prism, Gateway  
  49  5:04  Probe  
  49  5:05  Probe  
  53  5:18  Templar Archives  
  53  5:25  Probe  
  53  5:28  Pylon, Charge  
  54  5:30  Pylon  
  54  5:46  Probe  
  54  5:47  Probe  
  56  5:58  Pylon  
  56  5:59  Probe  
  57  6:07  High Templar  
  57  6:08  High Templar x3  
  57  6:10  Probe  
  57  6:11  Probe  
  67  6:12  Pylon  
  67  6:14  Archon x2  
  67  6:26  Gateway x2  
  67  6:29  Nexus  
  67  6:30  Forge, Pylon  
  67  6:54  Probe  
  67  6:57  Observer  
  68  7:02  Probe  
  68  7:05  Pylon  
  68  7:06  Zealot x3, Immortal  
  68  7:07  Zealot  
  78  7:08  Shield Battery  
  78  7:11  Protoss Ground Weapons Level 1  
  78  7:12  Robotics Facility, Probe  
  78  7:15  Assimilator  
  83  7:25  Gateway  
  83  7:33  Probe x2  
  85  7:38  Immortal  
  85  7:39  Pylon  
  85  7:43  Zealot x2  
  89  7:45  Zealot, Probe  
  94  7:53  Zealot  
  94  7:54  Zealot  
  96  8:06  Probe  
  96  8:09  Immortal  
  96  8:11  Zealot  
  96  8:12  Zealot x3  
  107  8:18  Observer  
  100  8:27  Psionic Storm  
  100  8:32  Probe  
  101  8:37  High Templar x2  
  101  8:38  High Templar x3  
  101  8:39  Observer  
  101  8:40  Probe x2  
  114  8:42  Archon x2  
  114  8:43  Assimilator  
  114  8:46  Pylon  
  118  8:48  Immortal  
  118  8:54  Gateway  
  118  8:55  Pylon, Gateway  
  118  8:56  Pylon, High Templar  
  118  9:00  Observer  
  121  9:04  Zealot  
  117  9:13  Probe  
  117  9:14  Zealot x4  
  117  9:15  Zealot, Probe  
  117  9:16  Probe  
  128  9:28  High Templar  
  100  9:45  Zealot x2  
  100  9:46  Zealot x4  
  107  10:00  Zealot  
  97  10:11  Zealot x4  
Tags
 
Add a new tag
Caveats
  • Supply blocks, unpowered buildings, or Contaminate may cause inaccurate times.
  • Supply counts are checked every 10 seconds.